 Dungeon Crawl Stone Soup version 0.17-a0-1382-gc46a074 (webtiles) character file.

3453 ololoev the Summoner (level 9, -8/64 HPs)
             Began as a Mummy Summoner on June 15, 2015.
             Was a Believer of Sif Muna.
             Mangled by a wyvern (14 damage)
             ... on level 9 of the Dungeon.
             The game lasted 00:37:51 (13276 turns).

ololoev the Summoner (Mummy Summoner)              Turns: 13276, Time: 00:37:51

Health: -8/64      AC:  8    Str: 11    XL:     9   Next: 78%
Magic:  10/13      EV: 12    Int: 27    God:    Sif Muna [**....]
Gold:   69         SH:  0    Dex: 12    Spells: 3 memorised, 5 levels left

rFire  . . .     SeeInvis .     o - +6 battleaxe of Proximity {drain, rF+ rN+ Str+4}
rCold  + . .     Clarity  +     j - +1 robe of Wrong Decisions {MR+ Str-5 Int+10} (curse)
rNeg   + + +     SustAt   .     (no shield)
rPois  ∞         Gourm    .     (no helmet)
rElec  .         Spirit   .     k - +2 cloak
rCorr  .         Warding  .     c - +0 pair of gloves {archery}
rMut   .         Stasis   .     (no boots)
MR     +++..                    u - amulet of clarity
Stlth  ++........               e - +1 ring of protection
                                r - ring of protection from magic

@: extremely resistant to hostile enchantments, unstealthy
A: no food or potions, fire vulnerability, cold resistance 1, negative energy
resistance 3, torment resistance, unbreathing
a: Channel Energy, Forget Spell, Renounce Religion


Innate Abilities, Weirdness & Mutations

You do not eat or drink.
Your flesh is vulnerable to fire.
You are immune to poison.
Your flesh is cold resistant.
You are immune to negative energy.
You are immune to unholy pain and torment.
You can survive without breathing.

Inventory:

Hand weapons
 f - a +0 spear
 o - the +6 battleaxe of Proximity (weapon) {drain, rF+ rN+ Str+4}
   (You bought it in a shop on level 7 of the Dungeon)

   A truly terrible weapon, it drains the life of those it strikes.
   It affects your strength (+4).
   It protects you from fire.
   It protects you from negative energy.
 v - a +1 dagger of venom
Armour
 c - a +0 pair of gloves of archery (worn)
 j - the cursed +1 robe of Wrong Decisions (worn) {MR+ Str-5 Int+10}
   (You bought it in a shop on level 4 of the Dungeon)

   It affects your strength (-5).
   It affects your intelligence (+10).
   It affects your resistance to hostile enchantments.
   It has a curse placed upon it.
 k - a +2 cloak (worn)
Jewellery
 e - a +1 ring of protection (right hand)
 r - a ring of protection from magic (left hand)
 u - an amulet of clarity (around neck)
Magical devices
 a - a wand of digging (3)
 g - a wand of heal wounds (2)
 n - a wand of draining (8)
Scrolls
 d - 6 scrolls of teleportation
 h - 3 scrolls of remove curse
 i - a scroll of recharging
 l - a scroll of vulnerability {unknown}
 m - 4 scrolls of fog
 q - 2 scrolls of amnesia
 s - a scroll of enchant armour {unknown}
 t - 2 scrolls of enchant weapon
Books
 b - a book of Callings

   Spells                             Type                      Level
   a - Summon Small Mammal            Summoning                    1
   b - Call Imp                       Summoning                    2
   c - Call Canine Familiar           Summoning                    3
   d - Summon Guardian Golem          Hexes/Summoning              3
   e - Summon Lightning Spire         Summoning/Air                4
   f - Summon Ice Beast               Ice/Summoning                4


   Skills:
 + Level 3.3 Fighting
 * Level 1.9(2.9) Axes
 - Level 3.4(3.6) Polearms
 - Level 1.5 Dodging
 - Level 1.5 Stealth
 + Level 2.7 Spellcasting
 + Level 10.8 Summonings


You had 5 spell levels left.
You knew the following spells:

 Your Spells              Type           Power        Failure   Level  Hunger
a - Summon Guardian Gole  Hex/Summ       ####....     2%          3    N/A
b - Call Imp              Summ           ######..     1%          2    N/A
c - Call Canine Familiar  Summ           ######..     1%          3    N/A


You were on level 9 of the Dungeon.
You worshipped Sif Muna.
Sif Muna was pleased with you.
You were not hungry.

You visited 2 branches of the dungeon, and saw 10 of its levels.

You collected 517 gold pieces.
You spent 448 gold pieces at shops.

#.# #.#
#.# #.#
#.# #.#
#.# #.#
#.# #.#
#.########
#.#
#.>......#
########.#
#@# #l#
#h# #..
###

Notes
Turn   | Place    | Note
--------------------------------------------------------------
     0 | D:1      | ololoev the Mummy Summoner began the quest for the Orb.
     0 | D:1      | Reached XP level 1. HP: 13/13 MP: 3/3
   579 | D:1      | Reached XP level 2. HP: 16/19 MP: 3/5
   583 | D:1      | Learned a level 2 spell: Call Imp
  1258 | D:1      | Reached skill level 4 in Summonings
  1597 | D:2      | Reached XP level 3. HP: 16/24 MP: 1/6
  2268 | D:2      | Learned a level 3 spell: Call Canine Familiar
  2761 | D:3      | Reached XP level 4. HP: 30/30 MP: 3/7
  2866 | D:3      | Found a shimmering altar of Xom.
  2940 | D:3      | Found a bloodstained altar of Trog.
  3327 | D:3      | Reached skill level 5 in Summonings
  3638 | D:3      | Reached XP level 5. HP: 26/35 MP: 8/8
  4347 | D:3      | Reached skill level 6 in Summonings
  4483 | D:3      | Reached XP level 6. HP: 14/41 MP: 2/9
  4515 | D:3      | Learned a level 3 spell: Summon Guardian Golem
  4730 | D:4      | Noticed Sigmund
  4903 | D:4      | Found a radiant altar of Vehumet.
  5028 | D:4      | Found Erilun's Antique Armour Shop.
  5031 | D:4      | Bought an ichor-stained robe for 165 gold pieces
  5041 | D:4      | Identified the cursed +1 robe of Wrong Decisions {MR+ Str-5 Int+10} (You bought it in a shop on level 4 of the Dungeon)
  5108 | D:4      | Killed Sigmund
  5192 | D:4      | Found a sacrificial altar of Ru.
  5382 | D:4      | Noticed Crazy Yiuf
  5396 | D:4      | Killed Crazy Yiuf
  5467 | D:4      | Noticed Natasha
  5479 | D:4      | Killed Natasha
  5571 | D:4      | Found Gupsoar's Assorted Antiques.
  5575 | D:4      | Bought a pair of embroidered gloves for 76 gold pieces
  5590 | D:4      | Found Zizetere's Assorted Antiques.
  5640 | D:4      | Noticed Natasha
  5647 | D:4      | Killed Natasha
  5651 | D:4      | Found Vasim's Food Emporium.
  5666 | D:4      | Reached skill level 7 in Summonings
  5666 | D:4      | Reached XP level 7. HP: 26/46 MP: 2/10
  5853 | D:4      | Found Yvohul's Armour Emporium.
  5980 | D:5      | Entered Level 5 of the Dungeon
  6303 | D:5      | Noticed Grinder
  6304 | D:5      | Noticed Blork the orc
  6568 | D:4      | Killed Blork the orc
  6568 | D:4      | Reached skill level 8 in Summonings
  6891 | D:5      | Found Faet's Weapon Emporium.
  6997 | D:5      | Killed Grinder
  6997 | D:5      | Reached XP level 8. HP: 50/52 MP: 3/11
  7701 | D:5      | Reached skill level 9 in Summonings
  7754 | D:5      | Found a staircase to the Ecumenical Temple.
  7759 | Temple   | Entered the Ecumenical Temple
  7937 | Temple   | Became a worshipper of Sif Muna the Loreminder
  8105 | D:6      | Found a glowing golden altar of the Shining One.
  8562 | D:6      | Noticed Steifyn's ghost (experienced HOFi)
  8582 | D:6      | Killed Steifyn's ghost
  8582 | D:6      | Acquired Sif Muna's first power
  9188 | D:6      | Found a sacrificial altar of Ru.
  9188 | D:6      | Found a basalt altar of Yredelemnul.
  9303 | D:6      | Reached skill level 10 in Summonings
 10318 | D:6      | Reached XP level 9. HP: 57/57 MP: 12/12
 10511 | D:7      | Found Cahiy's Antique Weapon Shop.
 10551 | D:7      | Reached skill level 1 in Polearms
 10795 | D:7      | Reached skill level 1 in Fighting
 10898 | D:7      | Found a blossoming altar of Fedhas.
 10909 | D:7      | Found an opulent altar of Gozag.
 12403 | D:8      | Acquired Sif Muna's second power
 12900 | D:7      | Bought a fine battleaxe for 207 gold pieces
 12900 | D:7      | Identified the +6 battleaxe of Proximity {drain, rF+ rN+ Str+4} (You bought it in a shop on level 7 of the Dungeon)
 13101 | D:9      | Reached skill level 1 in Axes
 13276 | D:9      | Mangled by a wyvern

Dungeon Overview and Level Annotations

Branches:
Dungeon (9/15)             Temple (1/1) D:5
   Lair: D:8-11         Orc: D:9-12

Altars:
Fedhas
Gozag
Ru
Sif Muna
Trog
Vehumet
Xom
Yredelemnul
The Shining One

Shops:
D:4 %*[*[   D:5 (   D:7 (


Message History

No target in view!
No target in view!
No target in view!
No target in view!
No target in view!
No target in view!
No target in view!
No target in view!
No target in view!
You start resting.
Magic restored.
You start resting.
HP restored.
Found an escape hatch in the ceiling.
Found a stone staircase leading down.
Use which ability? (? or * to list)
Okay, then.
You now have 69 gold pieces (gained 4).
There is a stone staircase leading down here.
A wyvern comes into view.
You hit the wyvern.
The wyvern is lightly wounded.
The wyvern bites you! x2
You slash the wyvern!
The wyvern is moderately wounded.
The wyvern bites you. The wyvern misses you.
You closely miss the wyvern.
The wyvern is moderately wounded.
The wyvern bites you! x2
The wyvern barely misses you.
You are too injured to fight recklessly!
You are too injured to fight recklessly!
You are too injured to fight recklessly!
You are too injured to fight recklessly!
You are too injured to fight recklessly!
You are too injured to fight recklessly!
Casting: Call Canine Familiar
Confirm with . or Enter, or press ? or * to list all spells.
The wyvern bites you!
You die...

You could see a wyvern and a friendly wolf.

Vanquished Creatures
  Grinder (D:5)
  A hungry ghost (D:9)
  A wasp (D:8)
  An ice beast (D:9)
  A phantom (D:6)
  A centaur (D:5)
  7 giant frogs
  2 killer bees (D:8)
  A scorpion (D:4)
  A centaur zombie (D:9)
  3 crimson imps
  A giant frog skeleton (D:8)
  A hound (D:9)
  2 iguanas (D:8)
  A worker ant (D:7)
  3 orc wizards (D:5)
  Natasha (twice) (D:4)
  A gnoll (D:7)
  6 adders
  2 shadow imps
  An adder zombie (D:9)
  An ooze (D:3)
  An adder skeleton (D:5)
  A worm (D:4)
  A giant gecko (D:3)
  22 orcs
  A ball python (D:3)
  A bat skeleton (D:3)
  A bat zombie (D:6)
  10 goblins
  11 hobgoblins
  9 jackals
  15 kobolds
  2 quokkas
  14 bats
  5 giant cockroaches
  4 giant newts
  A quokka skeleton (D:5)
  11 rats
151 creatures vanquished.

Vanquished Creatures (collateral kills)
  The ghost of Steifyn the Shield-Bearer, an experienced HOFi of Beogh (D:6)
  Sigmund (D:4)
  2 water moccasins
  2 sky beasts (D:6)
  An orc warrior (D:8)
  2 ice beasts
  A phantom (D:6)
  5 ogres
  2 centaurs
  3 giant frogs
  Blork the orc (D:4)
  A water moccasin skeleton (D:5)
  A killer bee (D:8)
  3 crimson imps
  A hound (D:6)
  6 orc priests
  2 orc wizards
  Crazy Yiuf (D:4)
  A gnoll shaman (D:7)
  5 worker ants
  An iguana (D:4)
  An iron imp (D:3)
  2 worker ant zombies (D:8)
  12 gnolls
  5 adders
  A shadow imp (D:6)
  A worm (D:2)
  10 orcs
  A ball python (D:5)
  A bat zombie (D:5)
  4 giant cockroaches
  5 hobgoblins
  A quokka (D:3)
  3 bats
  A giant gecko (D:5)
  5 goblins
  11 jackals
  3 rats
110 creatures vanquished.

Grand Total: 261 creatures vanquished

Action                   |  1- 3 |  4- 6 |  7- 9 || total
-------------------------+-------+-------+-------++-------
Melee: Unarmed           |    58 |       |       ||    58
       Dagger            |   116 |   286 |   190 ||   592
       Quarterstaff      |       |    27 |   127 ||   154
       Morningstar       |       |       |    60 ||    60
       Battleaxe         |       |       |    51 ||    51
       Spear             |       |       |    11 ||    11
 Cast: Summon Small Mamm |    10 |       |       ||    10
       Call Imp          |    22 |     8 |    31 ||    61
       Call Canine Famil |     5 |    12 |    31 ||    48
       Summon Guardian G |       |       |     1 ||     1
Evoke: Wand              |       |       |     1 ||     1
  Use: Scroll            |     6 |     2 |     6 ||    14
 Stab: Sleeping          |     5 |     2 |     7 ||    14
       Paralysed         |       |     3 |       ||     3
       Confused          |       |     2 |       ||     2
       Petrifying        |       |     1 |       ||     1
       Petrified         |       |       |     2 ||     2
       Distracted        |       |       |     1 ||     1

Vault maps used:
D:1:      dpeg_arrival_leaves_temple_mockup, serial_glass, glass_columns_a,
          glass_columns_c
D:2:      first_bread
D:3:      led_xom_imps, trog_hazing_becter
D:4:      vehumet_altar_wand_db, serial_shops, shop_statue, shop,
          kennysheep_mini, nicolae_shop_behind_doors, kennysheep_little_box,
          nicolae_ru_sacrificial_ziggurat, uniq_natasha, uniq_sigmund,
          uniq_crazy_yiuf_cottage
D:5:      minmay_temple_entry_nine_rooms, serial_shops, nicolae_shop_crystal,
          uniq_grinder, uniq_blork_the_orc
D:6:      minmay_klotski, gammafunk_temple_overflow_wave, basic_altar,
          glass_columns_c, minivault_14
D:7:      amethyst_overflow_temple_binary, serial_shops, shop
D:9:      lemuel_round_altar
Temple:   chambers_temple_12
